 Dungeon Crawl Stone Soup version 0.21-a0-426-g98080a9 (webtiles) character file.

9897 persona the Cleaver (level 11, -2/102 HPs)
             Began as a Minotaur Fighter on Nov 5, 2017.
             Was an Initiate of Gozag.
             Slain by a black mamba (4 damage)
             ... on level 2 of the Lair of Beasts.
             The game lasted 00:21:50 (11027 turns).

persona the Cleaver (Minotaur Fighter)             Turns: 11027, Time: 00:21:50

Health: -2/102     AC: 18    Str: 25    XL:     11   Next: 29%
Magic:  10/10      EV: 11    Int:  5    God:    Gozag
Gold:   1288       SH:  9    Dex:  7    Spells: 10/10 levels left

rFire    . . .     SeeInvis .   a - +1 war axe
rCold    . . .     Gourm    .   c - +0 shield
rNeg     . . .     Faith    .   b - +1 scale mail
rPois    .         Spirit   .   (helmet restricted)
rElec    .         Reflect  .   K - +0 cloak
rCorr    .         Harm     .   N - +2 pair of gloves
MR       .....                  G - +2 pair of boots
Stlth    ..........             (no amulet)
HPRegen  0.27/turn              U - +1 ring of slaying
MPRegen  0.12/turn              Q - +4 ring of evasion

@: lethally poisoned (-2 -> -28), berserk cooldown, slowed, very slow
A: retaliatory headbutt, hooves 1, horns 2, clumsy 1
a: Potion Petition, Call Merchant, Bribe Branch, Renounce Religion


You were on level 2 of the Lair of Beasts.
You worshipped Gozag.
Gozag was most pleased with you.
You were not hungry.

You visited 2 branches of the dungeon, and saw 12 of its levels.
You also visited: Sewer and Ossuary.

You collected 2421 gold pieces.
You paid 1133 gold pieces to Gozag.

Inventory:

Hand Weapons
 a - a +1 war axe (weapon)
 s - a +0 blowgun
 L - a +2 quarterstaff of chaos
 Z - a +0 dire flail
Missiles
 v - 32 poisoned needles
Armour
 b - a +1 scale mail (worn)
 c - a +0 shield (worn)
 z - a +0 buckler
 G - a +2 pair of boots (worn)
 K - a +0 cloak (worn)
 N - a +2 pair of gloves (worn)
Jewellery
 f - an uncursed ring of positive energy
 g - an uncursed ring of loudness
 h - an uncursed ring of flight
 I - an uncursed ring of see invisible
 P - an uncursed ring of stealth
 Q - a +4 ring of evasion (right hand)
 U - a +1 ring of slaying (left hand)
Wands
 n - a wand of lightning (7/15)
 w - a wand of iceblast (0/15)
 A - a wand of confusion (13/48)
 F - a wand of random effects (23/48)
 M - a wand of polymorph (0/24)
 T - a wand of confusion (28/48)
 Y - a wand of paralysis (11/24)
Scrolls
 e - 2 scrolls of amnesia
 i - 3 scrolls of teleportation
 k - a scroll of vulnerability {unknown}
 o - a scroll of fog
 q - 3 scrolls of fear
 u - 6 scrolls of remove curse
 E - 2 scrolls of enchant armour
 H - 3 scrolls of recharging
 R - 3 scrolls of identify
Potions
 j - 4 potions of agility
 l - 5 potions of flight
 m - a potion of invisibility
 p - 5 potions of lignification
 r - 5 potions of degeneration
 t - 5 potions of curing
 x - 3 potions of brilliance
 X - a potion of ambrosia {unknown}
Comestibles
 B - 5 bread rations
 O - 2 meat rations
 S - 3 royal jellies
 W - 7 fruits


   Skills:
 + Level 11.1 Fighting
 * Level 14.5 Axes
 + Level 11.1 Armour
 - Level 3.6 Shields


You had 10 spell levels left.
You didn't know any spells.

Dungeon Overview and Level Annotations

Branches:
Dungeon (10/15)            Temple (0/1) D:5            Lair (2/6) D:8
  Swamp: Lair:2-4    Shoals: Lair:2-4     Snake: Lair:2-4    Spider: Lair:2-4
    Orc: D:9-12

Altars:
Ashenzari
Dithmenos
Elyvilon
Gozag
Hepliaklqana
Kikubaaqudgha
Makhleb
Nemelex Xobeh
Qazlal
Ru
Uskayaw
Wu Jian
Zin

Shops:
D:7 (   D:8 =   Lair:1 (=


Innate Abilities, Weirdness & Mutations

You reflexively headbutt those who attack you in melee.
You have a pair of horns on your head.
You have large cloven feet.
You are clumsy. (Dex -2)


Message History

The black mamba bites you.
* * * LOW HITPOINT WARNING * * *
You are lethally poisoned!
The black mamba poisons you!
A black mamba comes into view.
You closely miss the black mamba.
The black mamba is heavily wounded.
* * * LOW HITPOINT WARNING * * *
You feel very sick.
The black mamba hisses angrily.
The black mamba bites you but does no damage.
The black mamba bites you.
* * * LOW HITPOINT WARNING * * *
You slash the black mamba! Your headbutt misses the black mamba.
The black mamba is almost dead.
* * * LOW HITPOINT WARNING * * *
You feel very sick. The black mamba bites you.
You die...
Your body crumbles into a pile of gold.

#P... ...F. ##....
#....# #...# .
#...### ### ## ...
#...P.###.##.#.....
##.....$.$..@..S....
#....#.###..S.......
##.......#..........
#..P....#..........
#...$...P..........
#<.................
#.......#..........
#..................
#..#....#.


You could see 2 black mambas.

Vanquished Creatures
  Erolcha (D:9)
  A hydra (D:10)
  3 two-headed ogres
  Joseph (D:7)
  A gargoyle (D:10)
  A spiny frog (Lair:2)
  A polar bear (Lair:2)
  A wyvern (D:9)
  A spriggan (D:8)
  A vampire (D:9)
  Grum (D:9)
  2 hungry ghosts (D:8)
  3 yaks (Lair:1)
  2 hell hounds (D:8)
  2 water moccasins
  The ghost of karf the Magician, an amateur DEAE (D:4)
  An orc warrior (D:9)
  Purgy (Sewer)
  2 phantoms
  5 sky beasts
  4 ice beasts
  2 wolves (D:9)
  3 ogres (D:10)
  A crocodile (D:9)
  A centaur (D:6)
  A big kobold (D:6)
  4 bullfrogs
  A gnoll sergeant (D:8)
  2 scorpions
  A howler monkey (D:4)
  7 crimson imps
  A quasit (D:10)
  A centaur skeleton (D:7)
  3 orc priests
  5 hounds
  2 jellies
  8 orc wizards
  Crazy Yiuf (D:6)
  Natasha (thrice) (D:3)
  4 iguanas
  5 worker ants
  3 hound skeletons
  8 mummies (Ossuary)
  8 gnolls
  3 howler monkey skeletons
  11 adders
  A river rat (D:4)
  3 shadow imps (D:9)
  An ooze (D:5)
  An adder zombie (D:5)
  An adder skeleton (D:5)
  2 worms
  2 dart slugs
  9 leopard geckos
  23 orcs
  4 ball pythons
  7 giant cockroaches
  2 gnoll zombies (Ossuary)
  6 goblins
  2 hobgoblins
  3 jackals
  18 kobolds
  5 quokkas
  5 bats
  2 frilled lizards
  3 kobold zombies (Ossuary)
  3 orc zombies (Ossuary)
  9 rats
237 creatures vanquished.

Vanquished Creatures (others)
  2 fungi
  A plant (D:7)
3 creatures vanquished.

Grand Total: 240 creatures vanquished

Notes
Turn   | Place    | Note
-------+----------+-------------------------------------------
     0 | D:1      | persona the Minotaur Fighter began the quest for the Orb.
     0 | D:1      | Reached XP level 1. HP: 19/19 MP: 0/0
   408 | D:1      | Reached skill level 3 in Axes
   408 | D:1      | Reached XP level 2. HP: 27/27 MP: 1/1
   672 | D:2      | Reached XP level 3. HP: 30/33 MP: 2/2
   683 | D:2      | Found a sacrificial altar of Ru.
   683 | D:2      | Found a sparkling altar of Nemelex Xobeh.
   686 | D:2      | Found a burning altar of Makhleb.
   687 | D:2      | Found an ornate altar of the Wu Jian Council.
   688 | D:2      | Found an ancient bone altar of Kikubaaqudgha.
   688 | D:2      | Found an opulent altar of Gozag.
   689 | D:2      | Found a shattered altar of Ashenzari.
   703 | D:2      | Became a worshipper of Gozag Ym Sagoz the Greedy
   918 | D:2      | Reached skill level 4 in Axes
   918 | D:2      | Reached XP level 4. HP: 21/41 MP: 3/3
  1833 | D:3      | Noticed Natasha
  1838 | D:3      | Killed Natasha
  1838 | D:3      | Reached skill level 5 in Axes
  1838 | D:3      | Reached XP level 5. HP: 42/47 MP: 4/4
  1870 | D:3      | Gained mutation: You tend to lose your temper in combat. [potion of mutation]
  1870 | D:3      | Gained mutation: Your system is resistant to poisons. (rPois) [potion of mutation]
  1870 | D:3      | Gained mutation: Your spells are a little harder to cast, but a little more powerful. [potion of mutation]
  1871 | D:3      | Lost mutation: You tend to lose your temper in combat. [potion of mutation]
  1871 | D:3      | Lost mutation: Your system is resistant to poisons. (rPois) [potion of mutation]
  1871 | D:3      | Lost mutation: Your spells are a little harder to cast, but a little more powerful. [potion of mutation]
  1871 | D:3      | Gained mutation: You are clumsy. (Dex -2) [potion of mutation]
  1871 | D:3      | Gained mutation: You have large cloven feet. [potion of mutation]
  1877 | D:3      | Reached skill level 5 in Fighting
  1877 | D:3      | Reached skill level 5 in Armour
  1879 | D:3      | Noticed Natasha
  1888 | D:3      | Killed Natasha
  1888 | D:3      | Reached XP level 6. HP: 5/56 MP: 5/5
  2003 | D:3      | Noticed Natasha
  2033 | D:3      | Killed Natasha
  2607 | D:3      | Found a white marble altar of Elyvilon.
  2699 | D:3      | Found a shadowy altar of Dithmenos.
  3015 | D:4      | Found a sand-covered staircase.
  3040 | D:4      | Reached skill level 6 in Axes
  3053 | Ossuary  | Entered an ossuary
  3507 | D:4      | Found a glowing drain.
  3511 | Sewer    | Entered a sewer
  3569 | Sewer    | Noticed Purgy
  3578 | Sewer    | Killed Purgy
  3578 | Sewer    | Reached XP level 7. HP: 57/62 MP: 6/6
  3731 | D:4      | Noticed karf's ghost (amateur DEAE)
  3748 | D:4      | Killed karf's ghost
  3748 | D:4      | Reached skill level 7 in Axes
  3964 | D:4      | Reached skill level 8 in Axes
  4085 | D:4      | Reached XP level 8. HP: 65/71 MP: 7/7
  4266 | D:5      | Entered Level 5 of the Dungeon
  4321 | D:5      | Found a glowing silver altar of Zin.
  4337 | D:5      | Found a staircase to the Ecumenical Temple.
  4574 | D:5      | Found a hazy altar of Hepliaklqana.
  4600 | D:5      | Found a hide-covered altar of Uskayaw.
  4863 | D:6      | Reached skill level 9 in Axes
  5237 | D:6      | Reached skill level 10 in Axes
  5655 | D:6      | Reached XP level 9. HP: 74/81 MP: 8/8
  5680 | D:6      | Found a runed door.
  5776 | D:6      | Noticed Crazy Yiuf
  5783 | D:6      | Killed Crazy Yiuf
  5874 | D:7      | Noticed Joseph
  5938 | D:7      | Killed Joseph
  6513 | D:7      | Found Matwin's Antique Weapon Shop.
  6805 | D:8      | Reached skill level 11 in Axes
  6849 | D:8      | Found a staircase to the Lair.
  7289 | D:8      | Found Dirunn's Jewellery Shop.
  7307 | D:8      | Found a stormy altar of Qazlal.
  7334 | Lair:1   | Entered Level 1 of the Lair of Beasts
  7506 | D:9      | Noticed a two-headed ogre
  7519 | D:9      | Killed a two-headed ogre
  7519 | D:9      | Reached skill level 12 in Axes
  7519 | D:9      | Reached XP level 10. HP: 43/91 MP: 9/9
  7960 | D:9      | Noticed a two-headed ogre
  7970 | D:9      | Killed a two-headed ogre
  7970 | D:9      | Reached skill level 10 in Fighting
  7970 | D:9      | Reached skill level 13 in Axes
  7970 | D:9      | Reached skill level 10 in Armour
  8211 | D:9      | Noticed Erolcha
  8227 | D:9      | Killed Erolcha
  8674 | D:9      | Noticed Grum
  8680 | D:9      | Killed Grum
  9069 | D:10     | Entered Level 10 of the Dungeon
  9285 | D:10     | Noticed a six-headed hydra
  9302 | D:10     | Killed a nine-headed hydra
  9921 | D:10     | Reached XP level 11. HP: 77/101 MP: 10/10
 10065 | D:10     | Reached skill level 14 in Axes
 10328 | D:10     | Noticed a two-headed ogre
 10333 | D:10     | Killed a two-headed ogre
 10948 | Lair:1   | Noticed a seven-headed hydra
 10979 | Lair:1   | HP: 1/102 [14-headed hydra (8)]
 11026 | Lair:2   | HP: 5/102 [black mamba (2)]
 11027 | Lair:2   | HP: 2/102 [poisoned by a black mamba]
 11027 | Lair:2   | Slain by a black mamba

Vault maps used:
D:1:      minmay_arrival_glassed_features
D:2:      grunt_temple_overflow_open, minmay_tetromino_i2
D:3:      lemuel_round_altar, nicolae_overflow_hidden_temple, minmay_vboxes,
          uniq_natasha
D:4:      cheibrodos_barr_body, first_bread, enter_ossuary_1,
          gup_sewer_entry_bowl, kennysheep_generic_room_2
D:5:      zin_treasury, kennysheep_little_box, nicolae_overflow_crystal_walls,
          temple_doors_e, minivault_23
D:6:      uniq_crazy_yiuf_cottage
D:7:      kennysheep_kobold_camp, serial_shops, shop_fountains, uniq_joseph
D:8:      lemuel_doored_altar, minmay_lair_entry_lava, serial_shops,
          kennysheep_mini, the_bakery
D:9:      uniq_grum, uniq_erolcha
Lair:1:   serial_bayou_shore_b
Lair:2:   elwin_shoals_entry_rooms, grunt_forest_stairs_basic, st_stairs_3
Sewer:    sewer_the_crocodile
Ossuary:  ossuary_tomb_3

Skill      XL: |  1  2  3  4  5  6  7  8  9 10 11 |
---------------+----------------------------------+-----
Axes           | 3 4 5 6 8 10 12 13 14 | 14.5
Fighting       | 4 5 6 7 9 10 11 | 11.1
Armour         | 4 5 6 8 9 10 11 | 11.1
Shields        | |  3.6

Action                   |  1- 3 |  4- 6 |  7- 9 | 10-12 || total
-------------------------+-------+-------+-------+-------++-------
Melee: War axe           |    99 |   154 |   279 |   251 ||   783
       Headbutt          |     6 |    19 |    49 |    45 ||   119
       Kick              |       |    22 |     9 |       ||    31
       Unarmed           |       |       |     3 |       ||     3
Invok: Call Merchant     |       |       |       |     2 ||     2
       Potion Petition   |       |       |       |     1 ||     1
Evoke: Wand              |       |       |       |    10 ||    10
  Use: Potion            |       |     3 |     3 |     6 ||    12
       Scroll            |       |    16 |     3 |     5 ||    24
 Stab: Confused          |       |       |       |     1 ||     1
  Eat: Bread ration      |       |     1 |     3 |     2 ||     6
       Fruit             |       |     1 |     1 |     2 ||     4
       Meat ration       |       |     1 |       |     1 ||     2
Armor: Scale mail        |    43 |    63 |    94 |   115 ||   315
       Skin              |       |       |     1 |       ||     1
Dodge: Dodged            |    39 |    44 |    62 |    74 ||   219
Block: Shield            |    47 |    90 |   105 |   120 ||   362

Table legend:
 A = Spawn XP
 B = Non-spawn XP
 C = Spawn XP percentage of total XP
 D = Spawn monster count
 E = Non-spawn monster count
 F = Spawn count percentage of total count
 G = Total turns spent on level
                    A         B        C        D         E        F      G
               +---------+---------+-------+---------+---------+-------+---------
         Total |       0 |   14139 |   0.0 |       0 |     237 |   0.0 | 11027
               +---------+---------+-------+---------+---------+-------+---------
           D:1 |       0 |      18 |   0.0 |       0 |      11 |   0.0 |   520
           D:2 |       0 |     113 |   0.0 |       0 |      24 |   0.0 |   863
           D:3 |       0 |     306 |   0.0 |       0 |      26 |   0.0 |  1559
           D:4 |       0 |     786 |   0.0 |       0 |      19 |   0.0 |   792
           D:5 |       0 |     295 |   0.0 |       0 |      14 |   0.0 |   585
           D:6 |       0 |    1132 |   0.0 |       0 |      29 |   0.0 |  1008
           D:7 |       0 |     555 |   0.0 |       0 |       9 |   0.0 |   801
           D:8 |       0 |    1063 |   0.0 |       0 |      12 |   0.0 |   861
           D:9 |       0 |    4891 |   0.0 |       0 |      32 |   0.0 |  1589
          D:10 |       0 |    3244 |   0.0 |       0 |      33 |   0.0 |  1727
        Lair:1 |       0 |     615 |   0.0 |       0 |       3 |   0.0 |   152
        Lair:2 |       0 |     824 |   0.0 |       0 |       3 |   0.0 |    38
         Sewer |       0 |     143 |   0.0 |       0 |       6 |   0.0 |   123
       Ossuary |       0 |     154 |   0.0 |       0 |      16 |   0.0 |   409
               +---------+---------+-------+---------+---------+-------+---------
